 Dungeon Crawl Stone Soup version 0.20.0-10-g0535bb4 (webtiles) character file.

210 Axe the Magician (level 5, -5/35 HPs)
             Began as a Mummy Wizard on June 7, 2017.
             Slain by scalarboson's ghost (7 damage)
             ... on level 3 of the Dungeon.
             The game lasted 00:10:29 (4323 turns).

Axe the Magician (Mummy Wizard)                     Turns: 4323, Time: 00:10:30

Health: -5/35      AC:  2    Str: 10    XL:     5   Next: 57%
Magic:  13/13      EV: 12    Int: 19    God:
Gold:   153        SH:  0    Dex: 10    Spells: 10/16 levels left

rFire    x . .     SeeInvis .   i - +0 dagger (vamp)
rCold    + . .     Gourm    .   (no shield)
rNeg     + + +     Faith    .   a - +0 robe
rPois    ∞         Spirit   .   b - +0 hat
rElec    .         Reflect  .   (no cloak)
rCorr    .         Harm     .   (no gloves)
MR       .....                  (no boots)
Stlth    ++........             (no amulet)
Regen    0.2/turn               (no ring)
MPRegen  0.2/turn               (no ring)

@: no status effects
A: no food or potions, fire vulnerability, cold resistance 1, negative energy
resistance 3, torment resistance, unbreathing
a: no special abilities


You were on level 3 of the Dungeon.
You were not hungry.

You visited 1 branch of the dungeon, and saw 4 of its levels.

You collected 153 gold pieces.

Inventory:

Hand Weapons
 i - a +0 vampiric dagger (weapon)
Missiles
 g - a throwing net (quivered)
Armour
 a - a +0 robe (worn)
 b - a +0 hat (worn)
Jewellery
 h - an uncursed ring of positive energy
Wands
 l - a wand of lightning (9/15)
Scrolls
 d - 4 scrolls of teleportation {unknown}
 f - 7 scrolls of identify
 j - 2 scrolls of random uselessness {unknown}
 k - a scroll of recharging {unknown}
 m - a scroll of blinking {unknown}
 n - a scroll of amnesia {unknown}
Books
 c - a book of Minor Magic

   Spells                             Type                      Level
   a - Magic Dart                     Conjuration                  1
   b - Blink                          Translocation                2
   c - Call Imp                       Summoning                    2
   d - Slow                           Hexes                        2
   e - Conjure Flame                  Conjuration/Fire             3
   f - Mephitic Cloud                 Conjuration/Poison/Air       3


   Skills:
 - Level 1.5 Dodging
 - Level 1.5 Stealth
 - Level 6.4 Spellcasting
 * Level 2.8 Conjurations
   Level 0.7 Summonings
 - Level 0.7 Translocations
 + Level 0.5 Poison Magic


You had 10 spell levels left.
You knew the following spells:

 Your Spells              Type           Power        Failure   Level  Hunger
a - Magic Dart            Conj           ###.         3%          1    N/A
b - Mephitic Cloud        Conj/Pois/Air  ##......     21%         3    N/A
c - Blink                 Tloc           N/A          12%         2    N/A

Dungeon Overview and Level Annotations

Branches:
Dungeon (4/15)
 Temple: D:4-7

Altars:
Trog
Vehumet

Shops:
D:4 *

Annotations:
D:3 scalarboson's ghost, amateur GrEE


Innate Abilities, Weirdness & Mutations

You do not eat or drink.
Your flesh is vulnerable to fire.
You are immune to poison.
Your flesh is cold resistant. (rC+)
You are immune to negative energy. (rN+++)
You are immune to unholy pain and torment.
You can survive without breathing.


Message History

There is a stone staircase leading up here.
You climb upwards.
Level annotation: scalarboson's ghost, amateur GrEE Scalarboson's ghost gestures at you while chanting.
The blast of sand hits you!
* * * LOW HITPOINT WARNING * * *
There is a stone staircase leading down here.
Unknown command.
You can't drink.
You can't drink.
You can't drink.
You can't drink.
You can't drink.
As you read the scroll labeled YDEZAOSHROTA, it crumbles to dust.
You feel blessed for a moment.
It was a scroll of remove curse.
As you read the scroll labeled LUOX FUAROO, it crumbles to dust.
It is a scroll of identify.
h - an uncursed ring of positive energy Scalarboson's ghost hits you!
You die...

..<........#
##.........# #.#
...........# #.#
...........# #.#
...........# ..#
##.........# #.#
#.........###.#
##..........##.###
...............W@#
##.(..##.##.##.###
##....##.##....#
......##.##.##.#
.........##.##.#
##..............
.........##.##.#
.#....##.##.##.#
.#..........#


You could see scalarboson's ghost.

Vanquished Creatures
  An orc wizard (D:4)
  A hound skeleton (D:4)
  2 gnolls (D:2)
  7 adders
  An ooze (D:2)
  A worm (D:2)
  2 dart slugs
  2 leopard geckos
  An orc (D:3)
  A ball python (D:1)
  14 bats
  9 giant cockroaches
  6 goblins
  5 hobgoblins (D:1)
  4 jackals (D:4)
  4 quokkas
  2 frilled lizards
  5 kobolds
  7 rats
75 creatures vanquished.

Notes
Turn   | Place    | Note
-------+----------+-------------------------------------------
     0 | D:1      | Axe the Mummy Wizard began the quest for the Orb.
     0 | D:1      | Reached XP level 1. HP: 13/13 MP: 5/5
    70 | D:1      | Reached skill level 1 in Conjurations
   340 | D:1      | Reached XP level 2. HP: 19/19 MP: 0/7
  1057 | D:1      | Reached XP level 3. HP: 24/24 MP: 0/9
  1331 | D:1      | Learned a level 3 spell: Mephitic Cloud
  1616 | D:2      | Reached skill level 5 in Spellcasting
  2027 | D:2      | Reached XP level 4. HP: 27/30 MP: 4/11
  2610 | D:2      | Reached skill level 6 in Spellcasting
  2857 | D:3      | Reached XP level 5. HP: 35/35 MP: 9/13
  2877 | D:3      | Noticed scalarboson's ghost (amateur GrEE)
  3299 | D:3      | Learned a level 2 spell: Blink
  3381 | D:3      | HP: 1/35 [scalarboson's ghost/blast of sand (8)]
  3738 | D:3      | Found a bloodstained altar of Trog.
  3909 | D:4      | Found Xodghudi's Elemental Accessories.
  4033 | D:4      | Noticed a black bear
  4250 | D:4      | Found a radiant altar of Vehumet.
  4323 | D:3      | Slain by scalarboson's ghost

Skill      XL: |  1  2  3  4 |
---------------+-------------+-----
Conjurations   | 1 2 |  2.8
Spellcasting   | 5 6 |  6.4
Dodging        | |  1.5
Stealth        | |  1.5
Summonings     | |  0.7
Translocations | |  0.7
Poison Magic   | |  0.5

Action                   |  1- 3 |  4- 6 || total
-------------------------+-------+-------++-------
Melee: Unarmed           |    10 |       ||    10
       Whip              |    10 |       ||    10
       Dagger            |     5 |    30 ||    35
 Cast: Magic Dart        |   104 |   120 ||   224
  Use: Scroll            |       |     2 ||     2
 Stab: Sleeping          |     2 |     1 ||     3
Armor: Robe              |    10 |    13 ||    23
Dodge: Dodged            |    23 |    46 ||    69
